Map: Dead of Night

Players

wasp

  • Race: Protoss Protoss
  • Spawn Location: 0:00

NamroodTuo

  • Race: Zerg Zerg

VOD

Have the link to the VOD?

Description

Time

  • Played on: June 13, 2023, 1:01 p.m.
  • Length: 24:15
Show
View Real Time Build Order
Export as new Build Order

wasp Protoss 

Build Orders:  

Get SALT Encoding   

  12  0:19  Pylon  
  12  0:35  Pylon  
  12  0:56  Forge  
  12  1:09  Pylon  
  12  1:11  Probe (Chrono Boost)  
  13  1:23  Probe (Chrono Boost)  
  14  1:35  Probe (Chrono Boost)  
  15  1:47  Probe (Chrono Boost)  
  15  1:55  Photon Cannon  
  15  1:59  Probe (Chrono Boost)  
  16  2:07  Assimilator  
  17  2:15  Assimilator  
  17  2:18  Assimilator  
  17  2:29  Probe (Chrono Boost)  
  18  2:41  Probe (Chrono Boost)  
  19  2:53  Probe (Chrono Boost)  
  19  2:56  Photon Cannon  
  20  3:05  Probe (Chrono Boost)  
  20  3:08  Pylon  
  21  3:17  Probe (Chrono Boost)  
  21  3:19  Photon Cannon  
  22  3:38  Probe (Chrono Boost)  
  23  3:51  Probe (Chrono Boost)  
  23  3:59  Gateway  
  24  4:03  Probe (Chrono Boost)  
  24  4:06  Gateway  
  25  4:15  Probe (Chrono Boost)  
  26  4:27  Probe (Chrono Boost)  
  27  4:49  Probe (Chrono Boost)  
  28  5:01  Probe (Chrono Boost)  
  28  5:09  Pylon  
  29  5:13  Probe (Chrono Boost)  
  29  5:15  Pylon  
  30  5:23  Pylon  
  30  5:25  Probe (Chrono Boost)  
  30  5:29  Sentinel  
  31  5:30  Sentinel, Pylon  
  31  5:37  Probe (Chrono Boost)  
  36  6:02  Sentinel  
  36  6:03  Sentinel  
  40  6:35  Sentinel  
  40  6:36  Sentinel  
  40  6:45  Khaydarin Monolith  
  40  6:47  Khaydarin Monolith  
  44  7:55  Photon Cannon  
  44  7:58  Photon Cannon  
  44  8:05  Photon Cannon  
  44  8:08  Photon Cannon  
  44  8:10  Photon Cannon  
  44  8:14  Photon Cannon  
  44  8:23  Photon Cannon  
  44  8:24  Photon Cannon  
  44  8:27  Photon Cannon  
  44  8:30  Photon Cannon  
  44  8:37  Photon Cannon  
  44  8:39  Photon Cannon  
  44  8:41  Photon Cannon  
  44  8:55  Photon Cannon  
  44  9:25  Khaydarin Monolith  
  44  9:35  Khaydarin Monolith  
  44  10:18  Cybernetics Core  
  44  10:46  Pylon  
  44  10:53  Pylon  
  44  11:00  Pylon  
  44  11:02  Sentinel x2  
  48  11:35  Sentinel x2  
  48  11:36  Robotics Facility  
  48  11:42  Photon Cannon  
  48  11:49  Photon Cannon  
  52  12:08  Sentinel x2  
  52  12:14  Probe (Chrono Boost)  
  57  12:26  Probe (Chrono Boost)  
  58  12:41  Sentinel  
  58  12:44  Robotics Facility  
  58  12:47  Immortal  
  64  13:34  Immortal  
  68  13:55  Khaydarin Monolith  
  68  13:58  Khaydarin Monolith  
  68  14:07  Khaydarin Monolith  
  68  14:46  Observer  
  68  14:47  Observer  
  68  14:59  Sentinel  
  70  15:09  Immortal  
  72  15:10  Immortal  
  80  15:26  Shield Battery  
  80  15:35  Shield Battery  
  80  15:45  Shield Battery  
  80  15:57  Immortal  
  80  15:58  Shield Battery  
  84  16:17  Khaydarin Monolith  
  60  19:54  Immortal x2  
  60  20:11  Sentinel  
  60  20:30  Immortal  
  60  20:31  Immortal  
  60  20:33  Sentinel  
  60  20:34  Probe (Chrono Boost)  
  60  20:36  Probe (Chrono Boost)  
  60  20:43  Probe (Chrono Boost)  
  64  20:56  Probe (Chrono Boost)  
  62  21:06  Sentinel  
  62  21:08  Probe (Chrono Boost)  
  62  21:18  Immortal  
  62  21:19  Immortal  
  71  21:39  Sentinel  
  73  22:06  Immortal  
  73  22:07  Immortal  
  73  22:12  Sentinel  
  83  22:53  Immortal  
  83  22:54  Immortal  
  83  23:09  Khaydarin Monolith  
  91  23:15  Khaydarin Monolith  
  91  23:27  Khaydarin Monolith  
Show
View Real Time Build Order
Export as new Build Order

NamroodTuo Zerg 

Build Orders:  

Get SALT Encoding   

  12  0:04  Infested SCV  
  13  0:13  Infested SCV  
  14  0:32  Infested Barracks  
  14  0:37  Infested SCV  
  15  0:49  Overlord  
  15  1:13  Infested SCV  
  15  1:18  Infestation Level 1  
  16  1:22  Infested SCV  
  17  1:30  Infested SCV  
  18  1:40  Infested Refinery  
  18  1:48  Infested Refinery  
  18  1:53  Infested SCV  
  18  1:55  Infested SCV  
  20  2:00  Infested SCV  
  21  2:11  Infested Refinery  
  21  2:21  Overlord  
  21  2:23  Infested SCV  
  22  2:32  Infested SCV  
  23  2:54  Overlord  
  23  2:58  Infested SCV  
  24  3:02  Infested SCV  
  25  3:16  Infested SCV  
  26  3:37  Anaerobic Enhancement, Infested Bunker  
  26  3:39  Infested Barracks Tech Lab  
  30  3:49  Infested SCV  
  31  3:54  Infested SCV  
  31  3:56  Retinal Augmentation  
  32  4:09  Infested SCV  
  33  4:14  Infested SCV  
  34  4:26  Overlord  
  34  4:40  Infested SCV  
  35  4:55  Infested Bunker  
  39  5:01  Overlord  
  39  5:20  Infested Engineering Bay  
  39  5:26  Infested SCV  
  40  5:32  Infested SCV  
  41  5:54  Stukov Infantry Weapons Level 1  
  41  5:57  Infested Bunker  
  45  6:07  Infestation Level 2  
  45  6:09  Infested SCV x3  
  48  6:40  Infested SCV x2  
  50  6:54  Infested Factory  
  50  7:00  Infested SCV  
  50  7:02  Infested SCV  
  52  7:33  Unknown  
  52  7:47  Plagued Munitions  
  52  7:53  Overlord  
  52  7:54  Overlord x2  
  52  7:55  Broodling Gestation  
  52  8:06  Infested Armory  
  52  8:07  Infested Factory Tech Lab  
  52  8:13  Stukov Infantry Armor Level 1  
  52  8:14  Infested Marine  
  52  8:15  Infested Marine x13  
  52  8:16  Infested Marine x4  
  70  8:33  Infested Barracks  
  70  9:02  Infested SCV x2  
  72  9:27  Infestation Level 3  
  69  9:45  Saturated Cultures  
  67  9:50  Infested Bunker  
  67  9:52  Infested Barracks Tech Lab  
  58  10:19  Infested SCV x2  
  60  10:22  Overseer x3  
  60  10:33  Caustic Mucus  
  60  10:42  Infested Missile Turret  
  60  10:45  Regenerative Plating  
  60  10:57  Infested Marine  
  60  10:58  Infested Marine x12  
  60  10:59  Infested Marine x6  
  79  11:04  Aggressive Incubation  
  79  11:14  Overlord x3  
  79  11:15  Overlord  
  79  11:20  Stukov Infantry Weapons Level 2  
  79  11:38  Infested Bunker  
  80  11:41  Overseer x4  
  80  11:43  Infested SCV  
  80  11:44  Infested SCV  
  82  11:55  Automated Mitosis  
  84  12:40  Infested Bunker  
  84  12:43  Acidic Enzymes  
  84  12:45  Infested Missile Turret  
  80  12:55  Infested Missile Turret  
  70  13:16  Infested Missile Turret  
  70  13:22  Infested Bunker  
  74  13:31  Overseer  
  74  14:02  Overseer  
  74  14:03  Overseer x2  
  74  14:05  Stukov Infantry Armor Level 2, Infested SCV x3  
  77  14:11  Infested Missile Turret  
  77  14:25  Infested Marine  
  77  14:26  Infested Marine x25  
  77  14:27  Infested Marine  
  108  15:02  Overlord x5  
  108  15:03  Infested Bunker  
  108  15:24  Stukov Vehicle and Ship Weapons Level 1  
  106  15:35  Infested Missile Turret  
  105  15:57  Infested Bunker  
  113  16:01  Infested Bunker  
  113  16:03  Overlord  
  89  16:42  Infested Siege Tank x3  
  89  16:47  Overlord  
  98  17:01  Stukov Infantry Weapons Level 3  
  98  17:08  Calcified Armor  
  98  17:23  Infested Siege Tank x3  
  107  17:43  Stukov Vehicle and Ship Armor Level 1  
  107  18:13  Infested Bunker  
  107  18:18  Infested Bunker  
  115  18:38  Stukov Vehicle and Ship Weapons Level 2  
  115  19:04  Infested Missile Turret  
  115  19:30  Stukov Infantry Armor Level 3  
  123  20:51  Infested Bunker  
  123  20:56  Infested Bunker  
  135  21:34  Infested Bunker  
  135  21:39  Infested Bunker  
  139  21:40  Infested Bunker  
  139  21:50  Infested Bunker  
Tags
 
Commander
KaraxStukov
Matchup
Co-op
Replay Pack
Multiplayer
Add a new tag
Caveats
  • Supply blocks, unpowered buildings, or Contaminate may cause inaccurate times.
  • Supply counts are checked every 10 seconds.